 Dungeon Crawl Stone Soup version 0.21-a0-314-gb3271ec (webtiles) character file.

624 Hasart the Slasher (level 7, 0/52 HPs)
             Began as a Mummy Fighter on Sept 29, 2017.
             Was an Initiate of Gozag.
             Slain by a hornet zombie (4 damage)
             ... on level 5 of the Dungeon.
             The game lasted 00:07:09 (3909 turns).

Hasart the Slasher (Mummy Fighter)                  Turns: 3909, Time: 00:07:10

Health: 0/52       AC:  7    Str: 22    XL:     7   Next: 22%
Magic:  7/7        EV:  6    Int:  7    God:    Gozag
Gold:   123        SH:  8    Dex: 11    Spells: 6/6 levels left

rFire    . . .     SeeInvis .   a - +0 long sword
rCold    . . .     Gourm    .   c - +0 shield
rNeg     + + +     Faith    .   b - +0 scale mail
rPois    ∞         Spirit   .   n - +0 helmet
rElec    .         Reflect  .   (no cloak)
rCorr    .         Harm     .   (no gloves)
MR       .....                  (no boots)
Stlth    ..........             (no amulet)
HPRegen  0.17/turn              m - ring of fire
MPRegen  0.10/turn              (no ring)

@: gold aura, heavily drained
A: no food or potions, fire vulnerability, cold resistance 1, negative energy
resistance 3, torment resistance, unbreathing
a: Potion Petition, Call Merchant, Bribe Branch, Renounce Religion


You were on level 5 of the Dungeon.
You worshipped Gozag.
Gozag was aware of your devotion.
You were not hungry.

You visited 2 branches of the dungeon, and saw 6 of its levels.

You collected 162 gold pieces.
You paid 39 gold pieces to Gozag.

Inventory:

Hand Weapons
 a - a +0 long sword (weapon)
 l - a +0 vampiric trident
Armour
 b - a +0 scale mail (worn)
 c - a +0 shield (worn)
 n - a +0 helmet (worn)
Jewellery
 m - a ring of fire (left hand)
Scrolls
 d - a scroll of enchant armour {unknown}
 e - 2 scrolls of fear {unknown}
 f - 2 scrolls of fog {unknown}
 g - a scroll of noise {unknown}
 h - 3 scrolls of remove curse {unknown}
 i - 4 scrolls of identify {unknown}
 j - a scroll of enchant weapon {unknown}
 k - a scroll of magic mapping {unknown}


   Skills:
 - Level 3.0(1.4) Fighting
 + Level 6.7(5.0) Long Blades
 - Level 2.4(0.8) Armour
 - Level 2.4(0.8) Shields


You had 6 spell levels left.
You didn't know any spells.

Dungeon Overview and Level Annotations

Branches:
Dungeon (5/15)             Temple (1/1) D:4

Altars:
Ashenzari
Cheibriados
Elyvilon
Gozag
Hepliaklqana
Kikubaaqudgha
Okawaru
Zin
The Shining One


Innate Abilities, Weirdness & Mutations

You do not eat or drink.
Your flesh is vulnerable to fire.
You are immune to poison.
Your flesh is cold resistant. (rC+)
You are immune to negative energy. (rN+++)
You are immune to unholy pain and torment.
You can survive without breathing.


Message History

The worker ant is almost dead.
The worker ant bites you but does no damage.
You hit the worker ant.
You kill the worker ant!
The hornet zombie is no longer distracted by gold.
The hornet zombie hits you!
* * * LOW HITPOINT WARNING * * *
Unknown command.
You barely miss the hornet zombie. The hornet zombie hits you.
* * * LOW HITPOINT WARNING * * *
The hornet zombie is distracted by the nearby gold.
Unknown command.
You hit the hornet zombie.
The hornet zombie is no longer distracted by gold.
The hornet zombie is lightly damaged.
The hornet zombie hits you.
* * * LOW HITPOINT WARNING * * *
The hornet zombie hits you.
You die...
Your body crumbles into a pile of gold.

.. .... .. #.... ##.
....... ..##%......
#.....##..##
#..#.......##
#Z$..$.#.#...
#.@.......?. .
##.#....#....###.
#.....(....$.....
#....#........#
#....#..(.....#
........(...)..###
..#....###....?...##
###.... #......(....
#####...##<..###..


You could see a hornet zombie.

Vanquished Creatures
  Blork the orc (D:4)
  3 wights (D:4)
  An orc priest (D:3)
  2 hounds (D:4)
  5 orc wizards
  4 worker ants
  3 adders
  An ooze (D:4)
  A worm (D:3)
  2 dart slugs
  4 leopard geckos
  11 orcs
  7 bats
  4 giant cockroaches
  6 goblins
  3 hobgoblins
  6 jackals (D:1)
  2 ball pythons
  7 frilled lizards
  4 kobolds
  6 rats
83 creatures vanquished.

Vanquished Creatures (others)
  A scorpion (D:5)
  An orc priest (D:5)
2 creatures vanquished.

Grand Total: 85 creatures vanquished

Notes
Turn   | Place    | Note
-------+----------+-------------------------------------------
     0 | D:1      | Hasart the Mummy Fighter began the quest for the Orb.
     0 | D:1      | Reached XP level 1. HP: 18/18 MP: 1/1
    58 | D:1      | Reached skill level 2 in Long Blades
   115 | D:1      | Reached XP level 2. HP: 24/24 MP: 2/2
   192 | D:1      | You fall through a shaft!
   213 | D:2      | Found an ancient bone altar of Kikubaaqudgha.
   501 | D:2      | Reached XP level 3. HP: 29/29 MP: 3/3
   613 | D:2      | Reached skill level 3 in Long Blades
   696 | D:3      | Reached XP level 4. HP: 35/35 MP: 4/4
   791 | D:3      | Found a snail-covered altar of Cheibriados.
   800 | D:3      | Reached skill level 4 in Long Blades
   816 | D:3      | Reached XP level 5. HP: 31/41 MP: 5/5
  1151 | D:3      | Found a glowing silver altar of Zin.
  1267 | D:3      | Found a shattered altar of Ashenzari.
  2205 | D:4      | Reached skill level 5 in Long Blades
  2216 | D:4      | Reached XP level 6. HP: 12/47 MP: 6/6
  2587 | D:4      | Noticed Blork the orc
  2623 | D:4      | Killed Blork the orc
  2809 | D:4      | Reached skill level 6 in Long Blades
  3152 | D:4      | Reached XP level 7. HP: 47/52 MP: 7/7
  3565 | D:4      | Found a staircase to the Ecumenical Temple.
  3812 | Temple   | Entered the Ecumenical Temple
  3827 | Temple   | Became a worshipper of Gozag Ym Sagoz the Greedy
  3883 | D:5      | Entered Level 5 of the Dungeon
  3909 | D:5      | Slain by a hornet zombie

Vault maps used:
D:1:      minmay_arrival_diagonal_passages, minmay_crystal_room
D:2:      lemuel_crystal_altar
D:3:      zin_statuary, cheibriados_altar_1, marbit_many_paths,
          grunt_ministairs_9
D:4:      temple_green, first_bread, uniq_blork_the_orc
D:5:      xom_confusion_cloud, minmay_misc_feat_encased
Temple:   compressed_dpeg_triangle_lava_temple

Skill      XL: |  1  2  3  4  5  6 |
---------------+-------------------+-----
Long Blades    | 2 3 4 5 6 |  6.7
Fighting       | |  3.0
Armour         | |  2.4
Shields        | |  2.4

Action                   |  1- 3 |  4- 6 |  7- 9 || total
-------------------------+-------+-------+-------++-------
Melee: Long sword        |    93 |   235 |    32 ||   360
Armor: Scale mail        |    45 |    98 |    12 ||   155
Dodge: Dodged            |    32 |    63 |     6 ||   101
Block: Shield            |    46 |   111 |    10 ||   167
       Rpst.: Long sword |    11 |    14 |     1 ||    26

Table legend:
 A = Spawn XP
 B = Non-spawn XP
 C = Spawn XP percentage of total XP
 D = Spawn monster count
 E = Non-spawn monster count
 F = Spawn count percentage of total count
 G = Total turns spent on level
                    A         B        C        D         E        F      G
               +---------+---------+-------+---------+---------+-------+---------
         Total |       0 |     892 |   0.0 |       0 |      83 |   0.0 |  3909
               +---------+---------+-------+---------+---------+-------+---------
           D:1 |       0 |      43 |   0.0 |       0 |      23 |   0.0 |   641
           D:2 |       0 |      51 |   0.0 |       0 |      16 |   0.0 |   520
           D:3 |       0 |     157 |   0.0 |       0 |      20 |   0.0 |   814
           D:4 |       0 |     605 |   0.0 |       0 |      22 |   0.0 |  1881
           D:5 |       0 |      36 |   0.0 |       0 |       2 |   0.0 |    26
               +---------+---------+-------+---------+---------+-------+---------
